cohdb
Replays
Latest Replays
All Replays
Popular Replays
Top Player Replays
Match Explorer
How It Works
Community
CoH3 Stats
Reddit
Sign in to upload your games and track your stats! →
Sign in with Steam
Match 41478740
Unlisted
Match 41478740
Overview
Messages
Build Orders
End
Construct Section Command Post
Dingo Light Scout Car
Infantry Section
Infantry Section
ML 3-inch Mortar Team
Infantry Section
Construct Platoon Command Post
Selects Australian Defense Battlegroup
Selects CMP 15cwt Supply Run
CMP 15cwt Truck
6-pounder Anti-tank Gun Team
CMP 15cwt Truck
Grenade Package
Construct Company Command Post
Particycles
banksss33
kyoung5gi
Cpt. Colter Stevens
Mr. King
MiniMitMit
0
0
Comments
sign in to comment!
No comments posted yet!